 Dungeon Crawl Stone Soup version 0.31.0-32-g396128a36d (webtiles) character file.

Game seed: 13613611365708884517

52 James the Shooter (level 3, -4/28 HPs)
             Began as a Draconian Hexslinger on Mar 17, 2024.
             Slain by a gnoll
             ... wielding a +0 spear
              (7 damage)
             ... on level 2 of the Dungeon.
             The game lasted 00:02:57 (1092 turns).

James the Shooter (Draconian Hexslinger)            Turns: 1092, Time: 00:02:57

Health: -4/28      AC:  5    Str: 10    XL:     3   Next: 60%
Magic:  4/4        EV: 12    Int: 13    God:
Gold:   22         SH:  0    Dex: 15    Spells: 4/4 levels left

rFire   . . .        a - +1 sling
rCold   . . .        (no shield)
rNeg    . . .        (body armour unavailable)
rPois   .            (helmet restricted)
rElec   .            (no cloak)
rCorr   .            (no gloves)
SInv    .            (no boots)
Will    .....        (no amulet)
Stlth   +            (no ring)
HPRegen 0.24/turn    (no ring)
MPRegen 0.09/turn

%: no passive effects
@: no status effects
A: AC +5, unfitting armour, cold-blooded
a: no special abilities


You were on level 2 of the Dungeon.
You visited 1 branch of the dungeon, and saw 2 of its levels.

You collected 22 gold pieces.

Inventory:

Hand Weapons
 a - a +1 sling (weapon)
 b - a +0 dagger
   (You took it off a goblin on level 1 of the Dungeon)
 g - a +0 short sword
   (You took it off a kobold on level 1 of the Dungeon)
Missiles
 f - 2 poisoned darts
Scrolls
 c - 2 scrolls of poison {!r}
Potions
 d - a potion of resistance {unknown}
 e - a potion of lignification {unknown}


   Skills:
 - Level 1.1 Fighting
 + Level 3.6 Ranged Weapons
 - Level 1.7 Dodging
 - Level 1.0 Spellcasting
 - Level 2.6 Hexes
 - Level 1.0 Fire Magic


You had 4 spell levels left.
You didn't know any spells.
Your spell library contained the following spells:

 Spells                   Type           Power      Damage    Failure   Level
 Jinxbite                 Hex            14%        N/A       14%         2
 Magic Dart               Conj           0%         1d3       28%         1
 Sigil of Binding         Hex            7%         N/A       28%         3
 Inner Flame              Hex/Fire       5%         N/A       36%         3
 Blink                    Tloc           0%         N/A       38%         2
 Call Imp                 Summ           0%         N/A       38%         2
 Sublimation of Blood     Necr           0%         N/A       38%         2
 Cause Fear               Hex            3%         N/A       67%         4
 Dimensional Bullseye     Hex/Tloc       2%         N/A       85%         4
 Summon Hydra             Summ           0%         N/A       100%        7


Dungeon Overview and Level Annotations

Branches:
Dungeon (2/15)

Altars:


Innate Abilities, Weirdness & Mutations

Your plain brown scales are hard. (AC +5)
You cannot fit into any form of body armour.
You are cold-blooded and may be slowed by cold attacks.


Message History

You shoot a sling bullet.
The sling bullet barely misses the gnoll. x2
The gnoll closely misses you. The gnoll barely misses you.
The gnoll hits you from afar with a +0 spear.
The gnoll hits you but does no damage.
You shoot a sling bullet.
The sling bullet barely misses the gnoll. x2
A bat comes into view.
The gnoll closely misses you.
The gnoll hits you from afar with a +0 spear.
You shoot a sling bullet. The sling bullet hits the gnoll.
You kill the gnoll!
The gnoll barely misses you. The bat hits you but does no damage.
The bat hits you but does no damage. The bat hits you but does no damage.
The bat closely misses you. The bat barely misses you.
You shoot a sling bullet.
The sling bullet closely misses the bat.
The sling bullet hits the gnoll.
The bat closely misses you.
You shoot a sling bullet. The sling bullet hits the bat.
You kill the bat!
You shoot a sling bullet. The sling bullet hits the gnoll.
The gnoll hits you with a +0 club. The gnoll closely misses you.
You shoot a sling bullet.
The sling bullet completely misses the gnoll.
The sling bullet barely misses the gnoll.
The gnoll hits you with a +0 club. The gnoll closely misses you.
The gnoll hits you with a +0 club.
You shoot a sling bullet. The sling bullet hits the gnoll.
The gnoll hits you from afar with a +0 spear.
* * * LOW HITPOINT WARNING * * *
The gnoll hits you but does no damage.
Fire: a) +1 sling
Press: ? - help, Q - select action, (/) - cycle Shift-Dir - straight line, f/p - gnoll
Aim: a gnoll, wielding a +0 club (almost dead, 61% to hit)
You shoot a sling bullet.
The sling bullet closely misses the gnoll.
The sling bullet barely misses the gnoll.
The gnoll hits you from afar with a +0 spear!
* * * LOW HITPOINT WARNING * * *
The gnoll hits you with a +0 club.
* * * LOW HITPOINT WARNING * * *
Fire: a) +1 sling
Press: ? - help, Q - select action, (/) - cycle Shift-Dir - straight line, f/p - gnoll
Aim: a gnoll, wielding a +0 club (almost dead, 61% to hit)
You shoot a sling bullet. The sling bullet hits the gnoll.
You kill the gnoll!
The gnoll hits you from afar with a +0 spear!
You die...

###
..#######.#################
.....)$.......g)@........>#
..###.##..#.#############.###
#.......# #............#
#.##....# ####.#.....#.#
#.....########........#.#
#.......................#
#.###.#####.##.##.###.### #.#
#..........##.# #.# ###
........#....# #.#


You could see a gnoll.

Vanquished Creatures
  3 gnolls (D:2)
  A dart slug (D:1)
  5 ball pythons (D:1)
  3 endoplasms
  3 giant cockroaches (D:1)
  4 goblins
  4 quokkas (D:1)
  A bat (D:2)
  2 kobolds (D:1)
  3 rats (D:1)
29 creatures vanquished.

Notes
Turn   | Place    | Note
-------+----------+-------------------------------------------
     0 | D:1      | James the Draconian Hexslinger began the quest for the Orb.
     0 | D:1      | Reached XP level 1. HP: 16/16 MP: 2/2
    29 | D:1      | Reached skill level 2 in Ranged Weapons
   240 | D:1      | Found a faded altar of an unknown god.
   272 | D:1      | Reached XP level 2. HP: 21/23 MP: 3/3
   456 | D:1      | Reached skill level 3 in Ranged Weapons
   617 | D:1      | Reached XP level 3. HP: 28/28 MP: 4/4
  1092 | D:2      | Slain by a gnoll

Illustrated notes

Levels and vault maps discovered:
D:1:      dpeg_arrival_renting, layout_basic, serial_curves, eino_curves_03,
          eino_curves_01, hellmonk_ecumenical_altar_zigzags, kennysheep_boxes
D:2:      layout_basic, serial_shops, nicolae_shop_stone, minmay_pentomino_q4,
          uniq_robin

Skill      XL: |  1  2 |
---------------+-------+-----
Ranged Weapons | 2 3 |  3.6
Fighting       | |  1.1
Dodging        | |  1.7
Spellcasting   | |  1.0
Hexes          | |  2.6
Fire Magic     | |  1.0

Action                     || total
---------------------------++-------
   Fire: Sling             ||    88
 Armour: Skin              ||    22
  Dodge: Dodged            ||    27
